 Dungeon Sprint DCSS version 0.17-a0-1691-g18a3847 (webtiles) character file.

1662 cmyster the Imperceptible (level 8, 0/37 HPs)
             Began as a Spriggan Assassin on Aug 20, 2015.
             Was a Follower of Dithmenos.
             Slain by a centaur warrior (11 damage)
             ... in the Dungeon (Sprint I: "Red Sonja").
             The game lasted 00:03:13 (230 turns).

cmyster the Imperceptible (Spriggan Assassin)        Turns: 230, Time: 00:03:13

Health: 0/37       AC:  3    Str:  7    XL:     8   Next: 69%
Magic:  9/9        EV: 17    Int: 12    God:    Dithmenos [*.....]
Gold:   537        SH:  0    Dex: 20    Spells: 0 memorised, 7 levels left

rFire  . . .     SeeInvis +     p - +0 dagger (venom)
rCold  . . .     Clarity  .     c - +0 robe
rNeg   . . .     SustAt   .     (shield restricted)
rPois  .         Gourm    .     (helmet restricted)
rElec  .         Spirit   .     d - +0 cloak
rCorr  .         Warding  .     (gloves unavailable)
rMut   .         NoTele   +     (boots unavailable)
MR     +....                    (no amulet)
Stlth  ++++++++++               (no ring)
                                (no ring)

@: wreathed by umbra, very quick, somewhat resistant to hostile enchantments,
uncannily stealthy
A: unfitting armour, see invisible, herbivore 3, speed 3, slow metabolism 2
a: Renounce Religion


You were in the Dungeon.
You worshipped Dithmenos.
Dithmenos was aware of your devotion.
You were not hungry.

You visited 1 branch You collected 537 gold pieces.

Inventory:

Hand weapons
 a - a +2 dagger
 b - a +0 blowgun
 p - a +0 dagger of venom (weapon)
Missiles
 e - 8 poisoned needles
 f - 7 curare-tipped needles
Armour
 c - a +0 robe (worn)
 d - a +0 cloak (worn)
Scrolls
 m - a scroll of blinking
 o - a scroll of magic mapping {unknown}
 q - a scroll of amnesia {unknown}
 r - a scroll of recharging {unknown}
Potions
 h - 2 potions of curing
 i - a potion of heal wounds
 j - a potion of haste
 k - 2 potions of magic
 l - a potion of berserk rage
 n - a potion of might {unknown}
Comestibles
 g - a bread ration


   Skills:
 - Level 1.5 Fighting
 + Level 7.9 Short Blades
 - Level 2.1 Throwing
 - Level 1.5 Dodging
 + Level 24.6 Stealth


You had 7 spell levels left.
You didn't know any spells.

Dungeon Overview and Level Annotations

Branches:
Dungeon (1/1)

Altars:
Cheibriados
Dithmenos
Elyvilon
Fedhas
Gozag
Kikubaaqudgha
Makhleb
Nemelex Xobeh
Okawaru
Qazlal
Ru
Sif Muna
Trog
Vehumet
Xom
Yredelemnul
Zin
The Shining One
Jiyva

Shops:
D (([


Innate Abilities, Weirdness & Mutations

You are tiny and cannot use many weapons and most armour.
You have supernaturally acute eyesight.
You are a herbivore.
You cover ground extremely quickly.
You need consume almost no food.


Message History

You see here an arrow.
There is an open door here.
Things that are here:
a scythe of protection; a robe; the human corpse of Sigmund You close the door.
Things that are here:
a scythe of protection; a robe; the human corpse of Sigmund You open the door.
The centaur warrior shoots an arrow.
The arrow barely misses you.
The centaur warrior shoots an arrow.
The arrow misses you.
The centaur warrior shoots an arrow.
The arrow barely misses you.
The centaur warrior unwields an uncursed longbow.
The centaur warrior closely misses you.
There is an open door here.
You hit the centaur warrior but do no damage.
The centaur warrior is poisoned.
You hit the centaur warrior.
The centaur warrior looks even sicker.
The centaur warrior is lightly wounded.
The centaur warrior hits you!
You die...

###################
#<.#..'..#((@c.#__#
#..'..#.)'..#c('..+
#..#####'#####(#__####
#..####..#...#(####$%#
#..#__####..##(#(≈§§§#
#..#_..__##'#((c§≈§.§+
#⌠⌠#_.∩...'..._#c§≈.§#
####_..._##_.#+##+####
#_____###'# #....###


You could see 2 centaur warriors.

Vanquished Creatures
  Sonja (D)
  A deep troll (D)
  A slime creature (D)
  Sigmund (D)
  A yak (D)
  An ogre (D)
  Ijyb (D)
  A jelly (D)
8 creatures vanquished.

Notes
Turn   | Place    | Note
--------------------------------------------------------------
     0 | D        | cmyster the Spriggan Assassin began the quest for the Orb.
     0 | D        | Reached XP level 1. HP: 10/10 MP: 2/2
     2 | D        | Noticed Ijyb
     5 | D        | Killed Ijyb
     5 | D        | Reached skill level 10 in Stealth
     5 | D        | Reached XP level 2. HP: 14/14 MP: 3/3
     9 | D        | Noticed an ogre
    12 | D        | Killed an ogre
    12 | D        | Reached skill level 13 in Stealth
    12 | D        | Reached XP level 3. HP: 18/18 MP: 4/4
    12 | D        | Reached XP level 4. HP: 22/22 MP: 5/5
    24 | D        | Noticed Sigmund
    27 | D        | Killed Sigmund
    27 | D        | Reached skill level 5 in Short Blades
    27 | D        | Reached skill level 17 in Stealth
    27 | D        | Reached XP level 5. HP: 25/25 MP: 6/6
    27 | D        | Reached XP level 6. HP: 30/30 MP: 7/7
    41 | D        | Found a deep blue altar of Sif Muna.
    42 | D        | Noticed a jelly
    43 | D        | Found a radiant altar of Vehumet.
    49 | D        | Killed a jelly
    58 | D        | Found a snail-covered altar of Cheibriados.
    58 | D        | Found a viscous altar of Jiyva.
    58 | D        | Found a shadowy altar of Dithmenos.
    58 | D        | Found a blossoming altar of Fedhas.
    58 | D        | Noticed a slime creature
    61 | D        | Killed a slime creature
    61 | D        | Reached skill level 19 in Stealth
    64 | D        | Became a worshipper of Dithmenos the Shadowed
    97 | D        | Found Naeciypn's Weapon Emporium.
    97 | D        | Found a white marble altar of Elyvilon.
    97 | D        | Found a stormy altar of Qazlal.
    97 | D        | Found a burning altar of Makhleb.
    97 | D        | Found a sacrificial altar of Ru.
    97 | D        | Found a basalt altar of Yredelemnul.
    97 | D        | Found a glowing golden altar of the Shining One.
    97 | D        | Found a sparkling altar of Nemelex Xobeh.
    97 | D        | Found a shimmering altar of Xom.
    97 | D        | Found an opulent altar of Gozag.
    97 | D        | Found an ancient bone altar of Kikubaaqudgha.
    97 | D        | Found a glowing silver altar of Zin.
    97 | D        | Noticed a yak
    98 | D        | Found an iron altar of Okawaru.
    99 | D        | Killed a yak
    99 | D        | Reached skill level 20 in Stealth
    99 | D        | Reached XP level 7. HP: 33/33 MP: 8/8
   100 | D        | Found a bloodstained altar of Trog.
   111 | D        | Noticed Sonja
   115 | D        | Killed Sonja
   115 | D        | Reached skill level 23 in Stealth
   115 | D        | Reached XP level 8. HP: 37/37 MP: 9/9
   128 | D        | Noticed a deep troll
   132 | D        | Killed a deep troll
   132 | D        | Reached skill level 24 in Stealth
   161 | D        | Found Koledat's Armour Emporium.
   180 | D        | Found Ymeseal's Antique Weapon Boutique.
   209 | D        | Noticed a centaur warrior
   210 | D        | Noticed a centaur warrior
   230 | D        | Slain by a centaur warrior

Vault maps used:
D:        dungeon_sprint_1

Action                   |  1- 3 |  4- 6 |  7- 9 || total
-------------------------+-------+-------+-------++-------
Melee: Dagger            |     2 |     4 |     4 ||    10
 Stab: Sleeping          |     2 |     4 |     2 ||     8
